 Dungeon Sprint DCSS version 0.27.1-33-g824d729ab1 (webtiles) character file.

Game seed: 8005397518246719132

9483 manyhoops the Bludgeoner (level 11, -1/127 HPs)
             Began as a Gargoyle Berserker on Nov 26, 2021.
             Was the Champion of Trog.
             Slain by a 12-headed hydra (5 damage)
             ... while paralysed by a floating eye
             ... in the Dungeon (Sprint I: "Red Sonja") on Nov 27, 2021.
             The game lasted 00:09:55 (2434 turns).

manyhoops the Bludgeoner (Gargoyle Berserker)       Turns: 2434, Time: 00:09:55

Health: -1/127     AC: 22    Str: 24    XL:     11   Next: 47%
Magic:  3/3        EV:  2    Int:  8    God:    Trog [******]
Gold:   592        SH:  0    Dex:  9    Spells: 10/10 levels left

rFire    . . .     SeeInvis .   t - +3 great mace (antimagic)
rCold    . . .     Faith    .   (shield currently unavailable)
rNeg     + . .     Spirit   .   p - +0 chain mail
rPois    ∞         Reflect  .   (no helmet)
rElec    +         Harm     .   (no cloak)
rCorr    .         Rampage  .   b - +0 pair of gloves
Will     .....     NoTele   +   (no boots)
Stlth    ..........             (no amulet)
HPRegen  0.31/turn              (no ring)
MPRegen  0.08/turn              (no ring)

@: paralysed, berserking
A: sickness immunity, AC +8, negative energy resistance 1, electricity
resistance, torment resistance 1, petrification resistance
a: Renounce Religion, Berserk, Trog's Hand, Brothers in Arms


You were in the Dungeon.
You worshipped Trog.
Trog was exalted by your worship.
You visited 1 branch You collected 1217 gold pieces.
You spent 625 gold pieces at shops.

Inventory:

Hand Weapons
 q - a +6 demon whip
 t - a +3 antimagic great mace (weapon)
Armour
 b - a +0 pair of gloves (worn)
 p - a +0 chain mail (worn)
Wands
 i - a wand of flame (19)
Scrolls
 n - a scroll of magic mapping {unknown}
 o - a scroll of fog {unknown}
 r - a scroll of blinking
 s - a scroll of enchant weapon {unknown}
Potions
 e - 3 potions of haste
 f - 2 potions of magic
 g - a potion of berserk rage
 h - a potion of might
 j - a potion of flight
 k - 3 potions of curing
 l - 2 potions of heal wounds
 m - a potion of ambrosia
Miscellaneous
 a - a phial of floods
 d - a piece from Xom's chessboard (15/15)


   Skills:
 - Level 17.4 Fighting
 + Level 17.9 Maces & Flails
 - Level 13.0 Armour
 - Level 1.5 Dodging


You had 10 spell levels left.
You didn't know any spells.
Your spell library was empty.

Dungeon Overview and Level Annotations

Branches:
Dungeon (1/1)

Altars:
Cheibriados
Dithmenos
Elyvilon
Fedhas
Gozag
Hepliaklqana
Kikubaaqudgha
Makhleb
Nemelex Xobeh
Okawaru
Qazlal
Ru
Sif Muna
Trog
Uskayaw
Vehumet
Wu Jian
Xom
Yredelemnul
Zin
The Shining One
Jiyva
Lugonu

Shops:
D !!(*[=(?([*(=*([?


Innate Abilities, Weirdness & Mutations

You are immune to sickness and miasma.
Your stone body is resilient. (AC +8)
You are immune to poison.
You resist negative energy. (rN+)
You are resistant to electric shocks. (rElec)
You are resistant to unholy torment.
You are immune to petrification.


Message History

The 12-headed hydra is heavily wounded.
The 12-headed hydra barely misses you. The 12-headed hydra bites you.
The 12-headed hydra closely misses you.
The 12-headed hydra bites you but does no damage.
The 12-headed hydra bites you! The 12-headed hydra closely misses you.
The 12-headed hydra bites you! The 12-headed hydra bites you.
The 12-headed hydra bites you but does no damage.
The 12-headed hydra bites you!
The 12-headed hydra bites you but does no damage.
The 12-headed hydra bites you.
You beat the 12-headed hydra like a drum!!!
The 12-headed hydra is almost dead.
The floating eye gazes piercingly through you!
You suddenly lose the ability to move!
Found 27 gold pieces.
The 12-headed hydra bites you.
The 12-headed hydra bites you but does no damage. x4
The 12-headed hydra bites you!
The 12-headed hydra bites you but does no damage. x3
The 12-headed hydra bites you!
* * * LOW HITPOINT WARNING * * *
The 12-headed hydra bites you!
* * * LOW HITPOINT WARNING * * *
The 12-headed hydra bites you but does no damage.
The floating eye's stare focuses on you.
The 12-headed hydra bites you but does no damage. x4
The 12-headed hydra bites you!
* * * LOW HITPOINT WARNING * * *
The 12-headed hydra bites you but does no damage. x2
The 12-headed hydra bites you.
* * * LOW HITPOINT WARNING * * *
The 12-headed hydra bites you.
* * * LOW HITPOINT WARNING * * *
The 12-headed hydra bites you but does no damage. x2
The 12-headed hydra bites you!
* * * LOW HITPOINT WARNING * * *
The floating eye gazes piercingly through you!
You shrug off the repeated paralysis!
The 12-headed hydra bites you but does no damage.
The 12-headed hydra bites you.
You die...

#####################
..#..#§§§.†÷.§§§@DG$#
.†##§#.####§§)§§##$.+
..'.§#§# ##.§§## ##
###..'§# ###+#
.##+#### .#.)^.^#
.#.....+ '###...#
.'.#○°.#


You could see a 12-headed hydra and a floating eye.

Vanquished Creatures
  2 centaur warriors (D)
  Sonja (D)
  A deep troll (D)
  A lindwurm (D)
  An oklob plant (D)
  A gargoyle (D)
  2 unseen horrors (D)
  2 kobold demonologists (D)
  4 demonic crawlers (D)
  A hornet (D)
  A slime creature (D)
  2 redbacks (D)
  Sigmund (D)
  A yak (D)
  13 hogs (D)
  2 floating eyes (D)
  7 necrophages (D)
  An ogre (D)
  8 jellies (D)
  Ijyb (D)
53 creatures vanquished.

Vanquished Creatures (others)
  A gargoyle (D)
  2 ballistomycete spores (D)
3 creatures vanquished.

Grand Total: 56 creatures vanquished

Notes
Turn   | Place    | Note
-------+----------+-------------------------------------------
     0 | D        | manyhoops the Gargoyle Berserker began the quest for the
                  | Orb.
     0 | D        | Reached XP level 1. HP: 14/14 MP: 1/1
     1 | D        | Noticed Ijyb
     5 | D        | Killed Ijyb
     6 | D        | Reached skill level 5 in Fighting
     6 | D        | Reached XP level 2. HP: 21/21 MP: 2/2
     6 | D        | Reached XP level 3. HP: 26/26 MP: 3/3
    47 | D        | Noticed an ogre
    49 | D        | Killed a gargoyle
    51 | D        | Killed an ogre
    52 | D        | Reached XP level 4. HP: 34/34 MP: 4/4
   117 | D        | Noticed Sigmund
   142 | D        | Killed Sigmund
   142 | D        | Reached ** piety under Trog
   143 | D        | Reached skill level 5 in Armour
   143 | D        | Reached XP level 5. HP: 25/41 MP: 5/5
   143 | D        | Reached XP level 6. HP: 29/47 MP: 6/6
   268 | D        | Found an ornate altar of the Wu Jian Council.
   268 | D        | Found a shimmering blue altar of Sif Muna.
   270 | D        | Found a radiant altar of Vehumet.
   404 | D        | Found Icuagg's Distillery.
   404 | D        | Found an ancient bone altar of Kikubaaqudgha.
   404 | D        | Found a hazy altar of Hepliaklqana.
   404 | D        | Found a hide-covered altar of Uskayaw.
   404 | D        | Found a basalt altar of Yredelemnul.
   404 | D        | Found an opulent altar of Gozag.
   404 | D        | Found a snail-covered altar of Cheibriados.
   404 | D        | Found a sacrificial altar of Ru.
   404 | D        | Found a shadowy altar of Dithmenos.
   404 | D        | Noticed a yak
   410 | D        | Killed a yak
   411 | D        | Reached skill level 10 in Fighting
   411 | D        | Reached skill level 10 in Maces & Flails
   411 | D        | Reached XP level 7. HP: 53/53 MP: 7/7
   413 | D        | Found a stormy altar of Qazlal.
   413 | D        | Found a blossoming altar of Fedhas.
   413 | D        | Found a bloodstained altar of Trog.
   413 | D        | Found an iron altar of Okawaru.
   413 | D        | Found a glowing golden altar of the Shining One.
   413 | D        | Found a glowing silver altar of Zin.
   413 | D        | Found a white marble altar of Elyvilon.
   414 | D        | Found a sparkling altar of Nemelex Xobeh.
   418 | D        | Bought a potion of haste for 120 gold pieces
   418 | D        | Bought a potion of heal wounds for 60 gold pieces
   418 | D        | Bought a potion of ambrosia for 96 gold pieces
   456 | D        | Found a burning altar of Makhleb.
   456 | D        | Found a viscous altar of Jiyva.
   456 | D        | Found a shimmering altar of Xom.
   456 | D        | Found a corrupted altar of Lugonu.
   456 | D        | Noticed a slime creature
   463 | D        | Killed a slime creature
   463 | D        | Reached *** piety under Trog
   527 | D        | Noticed a kobold demonologist
   528 | D        | Noticed a kobold demonologist
   536 | D        | Noticed a red devil
   538 | D        | Noticed a sun demon
   539 | D        | Killed a kobold demonologist
   540 | D        | Reached XP level 8. HP: 60/60 MP: 8/8
   540 | D        | Noticed a rust devil
   548 | D        | Noticed a sixfirhy
   550 | D        | Killed a kobold demonologist
   550 | D        | Reached **** piety under Trog
   605 | D        | Noticed a centaur warrior
   605 | D        | Noticed a centaur warrior
   615 | D        | Killed a centaur warrior
   616 | D        | Reached skill level 15 in Maces & Flails
   616 | D        | Reached XP level 9. HP: 39/66 MP: 9/9
   623 | D        | Killed a centaur warrior
   942 | D        | Noticed a deep troll
   951 | D        | Killed a deep troll
  1005 | D        | Found Efekoixt's Armour Emporium.
  1012 | D        | Bought a +0 pair of gloves for 63 gold pieces
  1071 | D        | Noticed a hornet
  1081 | D        | Killed a hornet
  1103 | D        | Noticed an oklob plant
  1353 | D        | Killed an oklob plant
  1354 | D        | Reached XP level 10. HP: 74/74 MP: 10/10
  1404 | D        | Reached ***** piety under Trog
  1453 | D        | Noticed Sonja
  1467 | D        | Killed Sonja
  1482 | D        | Found Laeqitamumm's Distillery.
  1494 | D        | Bought a potion of heal wounds for 65 gold pieces
  1494 | D        | Bought a potion of might for 52 gold pieces
  1494 | D        | Bought a potion of curing for 39 gold pieces
  1494 | D        | Bought a potion of haste for 130 gold pieces
  1717 | D        | Killed an unseen horror
  1723 | D        | Killed an unseen horror
  1724 | D        | Reached skill level 15 in Fighting
  1783 | D        | Found the +9 heavy crossbow "Sniper" {vorpal, Acc+∞ SInv}
  1803 | D        | Reached skill level 10 in Armour
  1827 | D        | Received a gift from Trog
  1869 | D        | Found Vicyom's Assorted Antiques.
  1869 | D        | Found Rafac's Assorted Antiques.
  1869 | D        | Paralysed by a floating eye for 4 turns
  1881 | D        | Received a gift from Trog
  1887 | D        | Found Huyss's Antique Weapon Emporium.
  1887 | D        | Found Unexacuo's Antique Armour Boutique.
  1888 | D        | Found Wextoipt's Magic Scroll Emporium.
  1902 | D        | Reached ****** piety under Trog
  1914 | D        | Found Uliesi's Weapon Shop.
  1916 | D        | Found Jaseo's Jewellery Emporium.
  1916 | D        | Found Xaok's Weapon Shop.
  1916 | D        | Found Itots's Magic Scroll Shoppe.
  1916 | D        | Found Zuotzul's Antique Weapon Boutique.
  1916 | D        | Found Irahet's Armour Emporium.
  1916 | D        | Found Urgheipn's General Store.
  1916 | D        | Found Poungido's Weapon Shoppe.
  1919 | D        | Found Kaashe's Jewellery Boutique.
  1997 | D        | Reached XP level 11. HP: 83/83 MP: 11/11
  2059 | D        | Noticed a lindwurm
  2066 | D        | Killed a lindwurm
  2186 | D        | Received a gift from Trog
  2232 | D        | Received a gift from Trog
  2428 | D        | Noticed a 12-headed hydra
  2431 | D        | Paralysed by a floating eye for 4 turns
  2433 | D        | HP: 4/127 [12-headed hydra (9)]
  2434 | D        | Slain by a 12-headed hydra

Illustrated notes

Levels and vault maps discovered:
D:        dungeon_sprint_1 [red_sonja_temple_1, red_sonja_temple_small_1]

Skill      XL: |  1  2  3  4  5  6  7  8  9 10 11 |
---------------+----------------------------------+-----
Fighting       | 5 7 9 10 11 12 13 16 17 | 17.4
Maces & Flails | 4 6 8 10 12 15 17 | 17.9
Armour         | 3 4 5 6 7 11 13 | 13.0
Dodging        | |  1.5

Action                   |  1- 3 |  4- 6 |  7- 9 | 10-12 || total
-------------------------+-------+-------+-------+-------++-------
Melee: Mace              |     5 |    26 |    65 |    65 ||   161
       Dire flail        |       |       |       |    34 ||    34
       Demon whip        |       |       |       |    70 ||    70
       Great mace        |       |       |       |    12 ||    12
Invok: Berserk           |     2 |     2 |     6 |     4 ||    14
       Trog's Hand       |       |       |     2 |     2 ||     4
       Brothers in Arms  |       |       |       |     1 ||     1
  Use: Potion            |       |     2 |       |       ||     2
       Scroll            |       |       |     1 |     3 ||     4
Armor: Animal skin       |       |     4 |    19 |       ||    23
       Scale mail        |       |       |     7 |     9 ||    16
       Chain mail        |       |       |       |   117 ||   117
Dodge: Dodged            |       |    10 |    26 |    50 ||    86
